 Dungeon Crawl Stone Soup version 0.26.1-13-g052cdd8df3 (webtiles) character file.

Game seed: 12328708485006049257

93 danielguo94 the Covered (level 4, -4/28 HPs)
             Began as a Gargoyle Fighter on Feb 5, 2022.
             Killed by divine providence
             ... invoked by an orc priest
              (12 damage)
             ... on level 6 of the Dungeon.
             The game lasted 00:01:32 (1294 turns).

danielguo94 the Covered (Gargoyle Fighter)          Turns: 1294, Time: 00:01:33

Health: -4/28      AC: 10    Str: 20    XL:     4   Next: 61%
Magic:  4/4        EV:  7    Int:  9    God:
Gold:   67         SH:  9    Dex:  9    Spells: 3/3 levels left

rFire    . . .     SeeInvis .   a - +0 flail
rCold    . . .     Faith    .   c - +0 kite shield
rNeg     + . .     Spirit   .   b - +0 scale mail
rPois    ∞         Reflect  .   (no helmet)
rElec    +         Harm     .   (no cloak)
rCorr    .         Rampage  .   (no gloves)
Will     .....                  (no boots)
Stlth    ..........             (no amulet)
HPRegen  0.09/turn              (no ring)
MPRegen  0.09/turn              (no ring)

@: no status effects
A: negative energy resistance 1, electricity resistance, unbreathing,
petrification resistance, miasma immunity, AC +3
a: no special abilities


You were on level 6 of the Dungeon.
You visited 1 branch of the dungeon, and saw 4 of its levels.

You collected 67 gold pieces.

Inventory:

Hand Weapons
 a - a +0 flail (weapon)
Armour
 b - a +0 scale mail (worn)
 c - a +0 kite shield (worn)
Jewellery
 k - a cursed -4 ring of intelligence {unknown}
Scrolls
 e - 3 scrolls of remove curse {unknown}
 g - 4 scrolls of identify {unknown}
 l - a scroll of fear {unknown}
Potions
 d - a potion of might
 f - 3 potions of mutation {unknown}
 h - a potion of degeneration {unknown}
 i - 2 potions of cancellation {unknown}
 j - a potion of haste {unknown}
 m - a potion of magic {unknown}


   Skills:
 + Level 3.6 Fighting
 + Level 3.0 Maces & Flails
 + Level 4.2 Armour
 + Level 0.5 Dodging
 + Level 3.9 Shields


You had 3 spell levels left.
You didn't know any spells.
Your spell library was empty.

Dungeon Overview and Level Annotations

Branches:
Dungeon (3/15)

Altars:


Innate Abilities, Weirdness & Mutations

You are resistant to torment.
Your stone body is resilient. (AC +3)
You are immune to poison.
You resist negative energy. (rN+)
You are resistant to electric shocks. (rElec)
You can survive without breathing.
You are immune to petrification.
You are immune to miasma.


Message History

You are too injured to fight recklessly!
You are too injured to fight recklessly!
You are too injured to fight recklessly!
You are too injured to fight recklessly!
You are too injured to fight recklessly!
You are too injured to fight recklessly!
You are too injured to fight recklessly!
You are too injured to fight recklessly!
You are too injured to fight recklessly!
You are too injured to fight recklessly!
You are too injured to fight recklessly!
You hear some strange, mumbled words.
A puff of flame appears from out of thin air!
The puff of flame hits you.
* * * LOW HITPOINT WARNING * * *
You sock the orc!
You kill the orc!
The orc priest invokes the aid of Beogh against you.
Beogh smites you!
You die...

..#..# #..#... #..#..#
#....# #.# #.... .. #
####### #..# .# ..
......l####..####.##..#
.....o{[@.............
.......###..#..#...####
....... #.###.........
....... #.# #..######
###...# #.# ##.# #.
......##..####.###....
######..#.###.......#
##.........####...
#....##.....#


You could see an iguana and an orc priest.

Vanquished Creatures
  A jelly (D:3)
  3 adders (D:2)
  An ooze (D:2)
  A leopard gecko (D:2)
  2 orcs
  A giant cockroach (D:2)
  4 goblins
  4 hobgoblins (D:1)
  10 kobolds
  2 bats
  2 frilled lizards (D:1)
  2 rats (D:1)
33 creatures vanquished.

Vanquished Creatures (others)
  6 fungi (D:2)
  A plant (D:3)
  8 toadstools (D:2)
15 creatures vanquished.

Grand Total: 48 creatures vanquished

Notes
Turn   | Place    | Note
-------+----------+-------------------------------------------
     0 | D:1      | danielguo94 the Gargoyle Fighter began the quest for the
                  | Orb.
     0 | D:1      | Reached XP level 1. HP: 14/14 MP: 1/1
   225 | D:1      | Reached XP level 2. HP: 18/19 MP: 2/2
   916 | D:2      | Reached XP level 3. HP: 17/23 MP: 3/3
   969 | D:2      | Reached skill level 4 in Armour
  1122 | D:2      | Reached XP level 4. HP: 17/28 MP: 4/4
  1258 | D:3      | You fall into a shaft and drop 3 floors!
  1294 | D:6      | Killed from afar by an orc priest

Illustrated notes

Levels and vault maps discovered:
D:1:      kennysheep_arrival_seaside, layout_basic
D:2:      cheibrodos_fertilizer, layout_basic
D:3:      layout_loops_ring, serial_bayou_pond_a
D:6:      layout_rooms, lemuel_temple_firewalk_b, hex_medium,
          minmay_hollow_rounded_squares

Skill      XL: |  1  2  3  4 |
---------------+-------------+-----
Armour         | 4 |  4.2
Maces & Flails | 3 |  3.0
Fighting       | |  3.6
Dodging        | |  0.5
Shields        | |  3.9

Action                   |  1- 3 |  4- 6 || total
-------------------------+-------+-------++-------
Melee: Flail             |   114 |    13 ||   127
Armor: Scale mail        |    86 |     6 ||    92
Dodge: Dodged            |    49 |     6 ||    55
Block: Kite shield       |    84 |    10 ||    94
